Map: Tourmaline LE

Players

HoldTheDoor - Winner!

  • Race: Protoss Protoss
  • League: Diamond
  • Spawn Location: 1:00

Zadrotini

  • Race: Protoss Protoss
  • League: Diamond
  • Spawn Location: 7:00

VOD

Have the link to the VOD?

Description

Time

  • Played on: May 9, 2026, 12:13 p.m.
  • Length: 5:05
Show
View Real Time Build Order
Export as new Build Order

HoldTheDoor Protoss - Winner!

Build Orders:  

Get SALT Encoding   

  12  0:00  Probe  
  13  0:12  Probe  
  14  0:17  Pylon  
  14  0:24  Probe  
  15  0:32  Probe  
  15  0:38  Gateway  
  15  0:40  Probe  
  16  0:48  Assimilator  
  17  0:59  Assimilator  
  17  1:06  Probe  
  18  1:18  Probe  
  19  1:26  Cybernetics Core  
  19  1:30  Probe  
  20  1:42  Probe  
  21  1:53  Assimilator  
  21  1:59  Stalker  
  21  2:02  Warp Gate  
  21  2:07  Pylon  
  23  2:10  Pylon  
  23  2:25  Probe  
  23  2:26  Shield Battery  
  23  2:27  Stalker  
  26  2:37  Probe  
  27  2:49  Probe  
  28  2:58  Robotics Facility  
  28  3:01  Gateway  
  28  3:03  Pylon  
  28  3:04  Stalker  
  28  3:11  Probe  
  31  3:20  Gateway  
  31  3:35  Immortal  
  31  3:46  Pylon  
  35  3:55  Stalker  
  37  3:57  Sentry  
  39  4:04  Pylon  
  39  4:15  Gateway  
  39  4:19  Shield Battery  
  39  4:25  Stalker  
  39  4:27  Zealot  
  43  4:35  Stalker  
Show
View Real Time Build Order
Export as new Build Order

Zadrotini Protoss 

Build Orders: Phoenix Opening 

Get SALT Encoding   

  12  0:00  Probe  
  13  0:12  Probe  
  14  0:19  Pylon  
  14  0:25  Probe  
  15  0:37  Probe  
  15  0:40  Gateway  
  16  0:45  Assimilator, Probe  
  17  0:53  Probe  
  17  1:01  Assimilator  
  18  1:17  Gateway, Probe  
  19  1:22  Pylon  
  19  1:29  Probe  
  20  1:38  Cybernetics Core  
  20  2:06  Nexus  
  20  2:11  Stalker  
  20  2:15  Warp Gate  
  22  2:17  Sentry  
  24  2:27  Probe  
  25  2:38  Pylon  
  25  2:39  Probe  
  25  2:53  Pylon  
  25  2:57  Gateway  
  25  2:59  Probe  
  26  3:10  Assimilator  
  26  3:11  Probe  
  27  3:13  Stalker  
  27  3:17  Probe  
  27  3:18  Zealot  
  31  3:23  Probe  
  31  3:25  Probe  
  33  3:28  Pylon  
  34  3:35  Phoenix  
  34  3:43  Robotics Facility  
  34  3:53  Probe x2  
  36  3:58  Twilight Council  
  36  4:03  Probe  
  36  4:05  Probe  
  36  4:07  Assimilator  
  38  4:11  Probe  
  38  4:12  Assimilator  
  39  4:17  Probe  
  39  4:19  Probe  
  41  4:29  Probe  
  42  4:31  Probe  
  47  4:39  Zealot x2  
  49  4:54  Zealot  
Tags
 
Matchup
PvP
Replay Pack
SC2Mai2026
Spawn Locations
Cross Positions
Add a new tag
Caveats
  • Supply blocks, unpowered buildings, or Contaminate may cause inaccurate times.
  • Supply counts are checked every 10 seconds.